 Dungeon Crawl Stone Soup version 0.26.0-10-g1f06aea511 (webtiles) character file.

Game seed: 15588402623295589294

2 Goblin1989 the Sneak (level 1, -2/18 HPs)
             Began as a Demonspawn Delver on Jan 31, 2021.
             Slain by a bullfrog (8 damage)
             ... on level 5 of the Dungeon.
             The game lasted 00:00:54 (29 turns).

Goblin1989 the Sneak (Demonspawn Delver)              Turns: 29, Time: 00:00:54

Health: -2/18      AC:  3    Str: 12    XL:     1   Next: 33%
Magic:  1/1        EV: 12    Int: 11    God:
Gold:   0          SH:  0    Dex: 14    Spells: 0/0 levels left

rFire    . . .     SeeInvis .   N - +2 whip (pain)
rCold    . . .     Faith    .   (no shield)
rNeg     . . .     Spirit   .   b - +0 leather armour
rPois    .         Reflect  .   (no helmet)
rElec    .         Harm     .   (no cloak)
rCorr    .         Rampage  .   (no gloves)
Will     .....                  (no boots)
Stlth    ++........             (no amulet)
HPRegen  0.06/turn              (no ring)
MPRegen  0.07/turn              (no ring)

@: no status effects
A: no striking features
a: no special abilities


You were on level 5 of the Dungeon.
You visited 1 branch of the dungeon, and saw 1 of its levels.

Inventory:

Hand Weapons
 a - a +0 mace
 N - a +2 whip of pain (weapon)
Armour
 b - a +0 leather armour (worn)
Wands
 g - a wand of digging (3) {@v1}
Scrolls
 c - a scroll of fog
 e - a scroll of fear
 M - a scroll of magic mapping
Potions
 f - a potion of haste {@q3,}


   Skills:
 - Level 3.0 Fighting
 + Level 2.0 Maces & Flails
 - Level 1.7 Dodging
 - Level 4.5 Stealth


You couldn't memorise any spells.
You didn't know any spells.
Your spell library was empty.

Dungeon Overview and Level Annotations

Branches:
Dungeon (5/15)
 Temple: D:4-7

Altars:


Message History

You become a hell wizard!
Welcome, Goblin1989 the Demonspawn Delver.
The bosom of this dungeon contains the legendary artefact, the Orb of Zot.
Press ? for a list of commands and other information.
Found a glowing whip and 30 arrows.
Found an escape hatch in the floor.
Found a stone staircase leading down.
Your library has no spells.
You see here a glowing whip.
N - a glowing whip You have a feeling of ineptitude.
N - a +2 whip of pain (weapon)
2 jackals come into view.
Found an escape hatch in the ceiling.
You hit the jackal.
You kill the jackal!
The jackal barks!
You hear a loud, deep croak!
A bullfrog comes into view.
The jackal bites you but does no damage.
Found a scale mail.
You see here a jackal corpse.
You closely miss the jackal. The jackal closely misses you.
You hit the jackal.
The jackal is heavily wounded.
The jackal bites you. The jackal misses you.
You take 1 damage, and have 17/18 hp.
You closely miss the jackal.
The jackal is heavily wounded.
The jackal barely misses you.
You barely miss the jackal.
The jackal is heavily wounded.
The jackal bites you but does no damage.
You hit the jackal.
You kill the jackal!
The bullfrog barely misses you.
Your Maces & Flails skill increases to level 2!
You hit the bullfrog.
The bullfrog is lightly wounded.
The bullfrog barely misses you.
You miss the bullfrog.
The bullfrog is lightly wounded.
The bullfrog hits you but does no damage.
The bullfrog hits you.
You take 3 damage, and have 14/18 hp.
You hit the bullfrog but do no damage.
The bullfrog is lightly wounded.
The bullfrog hits you!
* * * LOW HITPOINT WARNING * * *
A white imp comes into view.
You take 8 damage, and have 6/18 hp.
MASSIVE DAMAGE!!
You hit the bullfrog.
The bullfrog is moderately wounded.
The bullfrog hits you!
You die...

██.███.█
████.███.██
█.........█
█.██.███..█
█ █.█ █..█
..█ █..█


████ █..█ [███.██████..█ ......F@.....█ ..<.████████5█ █ █... █████ You could
see a bullfrog and a white imp.

Vanquished Creatures
  2 jackals (D:5)
2 creatures vanquished.

Notes
Turn   | Place    | Note
-------+----------+-------------------------------------------
     0 | D:5      | Goblin1989 the Demonspawn Delver began the quest for the
                  | Orb.
     0 | D:5      | Reached XP level 1. HP: 18/18 MP: 1/1
    20 | D:5      | Noticed a bullfrog
    29 | D:5      | Slain by a bullfrog

Illustrated notes

Levels and vault maps discovered:
D:5:      layout_loops_ring, temple_pool_b, serial_undead, serial_undead_b,
          serial_undead_d, serial_undead_c, serial_undead_c

Skill      XL: |  1 |
---------------+----+-----
Maces & Flails | 2 |  2.0
Fighting       | |  3.0
Dodging        | |  1.7
Stealth        | |  4.5

Action                   || total
-------------------------++-------
Melee: Whip              ||    10
Armor: Leather armour    ||     3
Dodge: Dodged            ||     5
